AoeStats
← 用户1623433

Arena

509047601Analyzed
4v4 RM · 8d ago on Sep 25, 2026· 28m 51s· 8 players
Game mode
Random Map
Map size
Large (8 player)
Population
200
Speed
Normal
Resources
Standard
Victory
Conquest
Starting age
Dark Age
Ending age
Imperial Age
RankedLock teamsTeams togetherTeam positionsShared explorationLock speedFull tech treeHidden civsTurbo modeCheats
Victory
Defeat
🇨🇳 Varangians · China
1267
+11
🇭🇰 Bohemians · Hong Kong SAR China
1175
+15
🇹🇼 Mongols · Taiwan
1164
+15
🇨🇳 Ethiopians · China
1137
+17
🇦🇺 Koreans · Australia
1158
-15
🇲🇽 Wu · Mexico
1157
-15
🇲🇽 Khmer · Mexico
1145
-14
🇨🇱 Spanish · Chile
1133
-14
camel
只爆叉叉
11:41 Feudal Age
12:37 Double-Bit Axe
12:33 Horse Collar
15:16 Castle Age
14:21 Gold Mining
14:49 Scale Barding Armor
16:44 Loom
17:55 Bow Saw
18:04 Forging
26:26 Caravan
26:31 Scale Mail Armor
26:55 Chain Barding Armor
28:23 Iron Casting
javier1205hk
11:00 Feudal Age
15:58 Castle Age
14:24 Double-Bit Axe
14:52 Horse Collar
21:01 Loom
21:55 Town Watch
用户1623433
11:09 Feudal Age
15:00 Castle Age
12:55 Double-Bit Axe
12:52 Horse Collar
19:00 Bow Saw
23:11 Wheelbarrow
22:26 Loom
23:35 Gold Mining
25:39 Hand Cart
31:02 Imperial Age
29:24 Gold Shaft Mining
28:27 Crossbowman
29:15 Heavy Plow
Sonaron Disparos
oscabar85
Vanilla Gorilla
11:40 Feudal Age
12:36 Double-Bit Axe
15:48 Castle Age
14:01 Loom
15:25 Horse Collar
16:56 Bow Saw
17:59 Gold Mining
Belisario1903
0:28 Loom
13:39 Feudal Age
16:12 Stone Mining
16:14 Double-Bit Axe
16:16 Horse Collar
16:40 Gold Mining
19:05 Castle Age
18:29 Wheelbarrow
20:17 Bow Saw
20:11 Heavy Plow
Connection lost

Rejoining the realm…

Still unreachable

The connection could not be restored.

Session expired

The server has moved on; the page needs a fresh start.